 Dungeon Crawl Stone Soup version 0.23.1 (webtiles) character file.

Game seed: 6165877459392453816

107 Borgoz the Sneak (level 4, 0/33 HPs)
             Began as a Ghoul Enchanter on Mar 7, 2019.
             Slain by a worker ant (3 damage)
             ... on level 3 of the Dungeon.
             The game lasted 00:07:11 (3935 turns).

Borgoz the Sneak (Ghoul Enchanter)                  Turns: 3935, Time: 00:07:11

Health: 0/33       AC:  4    Str: 11    XL:     4   Next: 86%
Magic:  15/15      EV: 12    Int: 10    God:
Gold:   159        SH:  0    Dex: 10    Spells: 6/7 levels left

rFire    . . .     SeeInvis .   a - +1 dagger
rCold    + . .     Gourm    .   (no shield)
rNeg     + + +     Faith    .   p - +0 leather armour
rPois    ∞         Spirit   .   (no helmet)
rElec    .         Reflect  .   h - scarf {repulsion}
rCorr    .         Harm     .   (no gloves)
MR       .....                  g - +0 pair of boots
Stlth    ++........             (no amulet)
HPRegen  0.00/turn              o - ring of magical power
MPRegen  0.14/turn              (no ring)

@: rotting, repel missiles
A: rotting body, claws 1, carnivore, cold resistance 1, negative energy
resistance 3, inhibited regeneration, torment resistance, unbreathing
a: no special abilities


You were on level 3 of the Dungeon.
You were not hungry.

You visited 1 branch of the dungeon, and saw 3 of its levels.

You collected 159 gold pieces.

Inventory:

Hand Weapons
 a - a +1 dagger (weapon)
Missiles
 m - 5 tomahawks (quivered)
Armour
 e - a +0 ring mail
 f - a +0 scale mail
 g - a +0 pair of boots (worn)
 h - a scarf of repulsion (worn)
 p - a +0 leather armour (worn)
Jewellery
 j - an uncursed amulet of faith
 k - an uncursed ring of ice
 o - a ring of magical power (left claw)
 q - an uncursed ring of fire
Scrolls
 b - a scroll of enchant armour {unknown}
 i - a scroll of remove curse
Comestibles
 d - 4 rations


   Skills:
 * Level 2.1 Short Blades
 * Level 2.0 Armour
 + Level 2.3 Dodging
 + Level 3.9 Stealth
 + Level 2.1 Spellcasting
 - Level 2.4 Hexes


You had 6 spell levels left.
You knew the following spells:

 Your Spells              Type           Power        Failure   Level  Hunger
a - Corona                Hex            #......      16%         1    ##.....

Your spell library contained the following spells:

 Spells                   Type           Power        Failure   Level  Hunger
 Ensorcelled Hibernation  Hex/Ice        #.....       36%         2    ###....
 Confuse                  Hex            #.......     41%         3    ####...
 Tukima's Dance           Hex            #.......     41%         3    ####...
 Dazzling Spray           Conj/Hex       #.....       58%         3    ####...


Dungeon Overview and Level Annotations

Branches:
Dungeon (3/15)

Altars:


Innate Abilities, Weirdness & Mutations

Your body is rotting away.
You thrive on raw meat.
You are immune to poison.
You have sharp fingernails.
You are carnivorous and can eat meat at any time.
Your flesh is cold resistant. (rC+)
You are immune to negative energy. (rN+++)
You do not regenerate when monsters are visible.
You are immune to unholy pain and torment.
You can survive without breathing.


Message History

The worker ant is almost dead.
The worker ant bites you.
* * * LOW HITPOINT WARNING * * *
You hit the worker ant but do no damage.
The worker ant is almost dead.
The worker ant barely misses you.
You aren't carrying any potions.
Okay, then.
You hit the worker ant but do no damage.
The worker ant is almost dead.
The worker ant barely misses you.
You hit the worker ant.
The worker ant is almost dead.
The worker ant bites you.
* * * LOW HITPOINT WARNING * * *
You barely miss the worker ant.
The worker ant is almost dead.
The worker ant bites you but does no damage.
The worker ant bites you.
You die...

#.# # ####.#
#.#.##.#
#$#.##.########
#.....#........
###.##.########
#.##÷##
#######.##..#
.......@###.#
######.a# #.# ....#
#.# ###.####.####
## #...>.#
#.....######### #
#.............
#≈≈##.....#########
≈≈≈.......# #.


You could see a worker ant.

Vanquished Creatures
  2 adders (D:3)
  2 worms (D:2)
  6 dart slugs
  A leopard gecko (D:1)
  6 orcs (D:3)
  4 giant cockroaches
  9 hobgoblins
  A jackal (D:1)
  4 kobolds
  2 ball pythons
  9 bats
  9 frilled lizards
  8 goblins
  2 rats (D:3)
65 creatures vanquished.

Notes
Turn   | Place    | Note
-------+----------+-------------------------------------------
     0 | D:1      | Borgoz the Ghoul Enchanter began the quest for the Orb.
     0 | D:1      | Reached XP level 1. HP: 14/14 MP: 2/2
     7 | D:1      | Reached skill level 1 in Short Blades
   106 | D:1      | Reached XP level 2. HP: 18/20 MP: 3/3
   582 | D:1      | Reached skill level 1 in Armour
   661 | D:1      | Reached XP level 3. HP: 18/26 MP: 4/4
  2106 | D:2      | Reached XP level 4. HP: 20/32 MP: 6/6
  3935 | D:3      | Slain by a worker ant

Skill      XL: |  1  2  3  4 |
---------------+-------------+-----
Short Blades   | 1 2 |  2.1
Armour         | 1 2 |  2.0
Dodging        | 2 |  2.3
Spellcasting   | 2 |  2.1
Stealth        | |  3.9
Hexes          | |  2.4

Action                   |  1- 3 |  4- 6 || total
-------------------------+-------+-------++-------
Melee: Dagger            |    83 |   122 ||   205
       Short sword       |   164 |    41 ||   205
Throw: Tomahawk          |       |     5 ||     5
  Use: Scroll            |     1 |     2 ||     3
       Potion            |     1 |     2 ||     3
 Stab: Sleeping          |     5 |     2 ||     7
  Eat: Chunk             |    10 |    14 ||    24
Armor: Robe              |    38 |       ||    38
       Scale mail        |    74 |    13 ||    87
       Leather armour    |       |    15 ||    15
Dodge: Dodged            |   127 |    82 ||   209
